 Dungeon Crawl Stone Soup version 0.31.0-32-g396128a36d (webtiles) character file.

Game seed: 2923810933927636865

28765 KittyFluff the Grappler (level 13, -7/190 HPs)
             Began as a Troll Shapeshifter on Apr 2, 2024.
             Was an Elder of Trog.
             Mangled by a killer bee (8 damage)
             ... in a Gauntlet.
             The game lasted 01:11:16 (12165 turns).

KittyFluff the Grappler (Troll Shapeshifter)       Turns: 12165, Time: 01:11:17

Health: -7/190     AC:  9    Str: 27    XL:     13   Next: 11%
Magic:  12/12      EV: 11    Int:  6    God:    Trog [****..]
Gold:   958        SH: 11    Dex: 11    Spells: 12/12 levels left

rFire   . .          .
                       - Unarmed
rCold   . . .        I - +1 kite shield
rNeg    . . .        o - +0 acid dragon scales
rPois   .            (helmet currently unavailable)
rElec   .            (cloak currently unavailable)
rCorr   +            (gloves unavailable)
SInv    .            (boots unavailable)
Will    +....        p - amulet of regeneration Stlth
                     k - ring of willpower
HPRegen 2.11/turn    R - ring of resist corrosion
MPRegen 0.13/turn

%: no teleportation
@: berserking, lethally poisoned (-7 -> -9), beast-form, very quick
A: beast (slay +4), large, unfitting armour, claws 3, regeneration 1, shaggy fur
1, tough skin 1
a: Begin Untransformation, Renounce Religion, Berserk, Trog's Hand, Brothers in
Arms


You were in a Gauntlet.
You worshipped Trog.
Trog was greatly pleased with you.
You were a hulking beast.
You visited 3 branches of the dungeon, and saw 15 of its levels.
You also visited: Gauntlet.

You collected 958 gold pieces.

Inventory:

Hand Weapons
 a - a +0 morningstar of protection
 J - a +3 sling of freezing
 S - the +5 war axe of Uskayaw, Enchanting {freeze, Str+2}
   (You found it on level 7 of the Dungeon)

   Str+2:     It affects your strength (+2).
 W - a +2 whip of draining
 Y - a +7 spear of venom
Missiles
 r - 27 poisoned darts
 w - 57 stones (quivered)
 L - 6 boomerangs
 U - 4 javelins
Armour
 l - a +0 troll leather armour
 o - +0 acid dragon scales (worn)
 I - a +1 kite shield (worn)
Jewellery
 k - a ring of willpower (left claw)
 p - an amulet of regeneration (around neck)
 E - a ring of protection from fire
 R - a ring of resist corrosion (right claw)
Talismans
 c - a beast talisman
Wands
 g - a wand of polymorph (6)
 h - a wand of charming (10)
 m - a wand of quicksilver (14)
 s - a wand of roots (6)
 v - a wand of flame (10)
 y - a wand of mindburst (7)
 T - a wand of digging (13)
Scrolls
 f - 2 scrolls of poison
 t - 5 scrolls of teleportation
 F - 3 scrolls of revelation {unknown}
 H - a scroll of fog
 M - a scroll of butterflies {unknown}
 O - 3 scrolls of blinking
 X - a scroll of fear
 Z - a scroll of immolation
Potions
 b - 2 potions of lignification
 d - a potion of invisibility {unknown}
 i - 8 potions of curing
 j - 2 potions of heal wounds
 n - a potion of degeneration {unknown}
 u - 2 potions of resistance {unknown}
 z - 2 potions of mutation {unknown}
 A - 4 potions of ambrosia
 B - 4 potions of attraction {unknown}
 K - 2 potions of might {unknown}
 N - 2 potions of haste {unknown}
 V - 2 potions of enlightenment {unknown}


   Skills:
 + Level 7.9 Fighting
 + Level 8.1 Throwing
 + Level 4.1 Armour
 + Level 8.0 Dodging
 + Level 7.6 Shields
 + Level 9.7 Unarmed Combat
 + Level 9.0 Shapeshifting


You had 12 spell levels left.
You didn't know any spells.
Your spell library contained the following spells:

 Spells                   Type           Power      Damage    Failure   Level
 Call Imp                 Summ           0%         N/A       85%         2
 Sublimation of Blood     Necr           0%         N/A       85%         2
 Call Canine Familiar     Summ           0%         N/A       97%         3
 Dazzling Flash           Conj/Hex       0%         N/A       97%         3
 Mephitic Cloud           Conj/Alch/Air  0%         N/A       97%         3
 Sigil of Binding         Hex            0%         N/A       97%         3
 Tukima's Dance           Hex            0%         N/A       97%         3
 Dimensional Bullseye     Hex/Tloc       0%         N/A       100%        4
 Iskenderun's Mystic Bla  Conj/Tloc      0%         2d3       100%        4
 Curse of Agony           Necr           0%         N/A       100%        5
 Silence                  Hex/Air        0%         N/A       100%        5
 Summon Hydra             Summ           0%         N/A       100%        7


Dungeon Overview and Level Annotations

Branches:
Dungeon (10/15)            Temple (1/1) D:6            Lair (4/5) D:8
  Swamp (0/4) Lair:3       Spider (0/4) Lair:2      Gauntlet (1/1)
  Slime: Lair:4-5       Orc: D:9-12

Altars:
Ashenzari
Cheibriados
Dithmenos
Elyvilon
Fedhas
Gozag
Hepliaklqana
Kikubaaqudgha
Makhleb
Nemelex Xobeh
Okawaru
Qazlal
Ru
Sif Muna
Trog
Uskayaw
Vehumet
Wu Jian
Xom
Yredelemnul
Zin
The Shining One

Shops:
D:9 ?

Annotations:
Gauntlet 13 transporters, 3 runed translucent doors


Innate Abilities, Weirdness & Mutations

You are a hulking beast.
Your limbs bulge with bestial killing power. (Slay +4)
You are too large for most types of armour.
You have claws for hands.
Your natural rate of healing is unusually fast.
You are covered in fur. (AC +1)
You have tough skin. (AC +1)


Message History

The killer bee stings you.
* * * LOW HITPOINT WARNING * * *
You barely miss the killer bee.
You feel very sick.
The killer bee stings you but does no damage.
The killer bee stings you.
* * * LOW HITPOINT WARNING * * *
You block the killer bee's attack.
You scratch the killer bee.
The killer bee is moderately wounded.
You feel sick. The killer bee stings you!
* * * LOW HITPOINT WARNING * * *
You are more poisoned.
The killer bee poisons you! The killer bee completely misses you.
The killer bee stings you!
* * * LOW HITPOINT WARNING * * *
You miss the killer bee.
The killer bee is moderately wounded.
* * * LOW HITPOINT WARNING * * *
You feel very sick. You block the killer bee's attack. x3
You miss the killer bee.
The killer bee is moderately wounded.
* * * LOW HITPOINT WARNING * * *
You feel very sick.
The killer bee stings you but does no damage.
You block the killer bee's attack. The killer bee misses you.
You miss the killer bee.
The killer bee is lightly wounded.
* * * LOW HITPOINT WARNING * * *
You feel very sick.
The killer bee stings you but does no damage.
You block the killer bee's attack. The killer bee stings you.
* * * LOW HITPOINT WARNING * * *
You mangle the killer bee!!
You kill the killer bee!
Trog accepts your kill.
* * * LOW HITPOINT WARNING * * *
You feel sick. The killer bee closely misses you. The killer bee stings you!
You die...

##≈.#..##QQQ#.≈##
#≈≈.#########.≈≈#
##≈....#©..8#.≈##
##..8.#...©#.##
##≈....#©..8#.≈##
#≈≈.#########.≈≈#
##≈.#yy.©[..#.≈##
##.#y#...#.#.##
##≈.#h###...#.≈##
#≈≈.#†#.©.#.#.≈≈#
##≈.#...###.#.≈##
##.#.#...#.#.##
##≈.#.###...#.≈##
#≈≈.#########.≈≈#
##≈.....©.....≈##
##...........##
#≈...∩...∩...≈#


You could see 3 killer bees.

Vanquished Creatures
  3 two-headed ogres
  3 centaur warriors (D:10)
  A lindwurm (D:9)
  A deep elf pyromancer (D:10)
  A manticore (D:9)
  Maurice (D:10)
  3 elephants (Lair:1)
  3 black mambas (Lair:2)
  6 cane toads
  A torpor snail (Lair:3)
  2 rime drakes
  2 kobold demonologists (D:9)
  4 komodo dragons
  2 unseen horrors (D:10)
  A polar bear (D:8)
  The ghost of kougar the Trooper, an amateur HOFi (D:4)
  A troll (D:10)
  The ghost of CrypticCrinoid the Chopper, an amateur MiBe of Trog (D:4)
  A queen bee (Gauntlet)
  5 blink frogs (Lair:2)
  6 dream sheep (Lair:3)
  The ghost of mrw3rdna the Sneak, an amateur OpFE (D:4)
  A slime creature (D:10)
  2 wraiths
  A spriggan (Lair:2)
  A wyvern (Lair:1)
  43 yaks
  4 vampire mosquitoes (Lair:3)
  The ghost of mainiacjoe the Charlatan, an amateur MiAr of the Shining One (D:4)
  A redback (Lair:2)
  8 water moccasins
  An acid dragon (D:9)
  3 orc warriors
  8 ice beasts
  2 sky beasts
  3 black bears
  The ghost of community the Trooper, an amateur HOFi (D:4)
  10 wolves
  An ogre (D:4)
  5 centaurs
  A phantom (D:5)
  4 kobold brigands
  2 gnoll sergeants
  9 bullfrogs
  A scorpion (D:6)
  A wight (D:8)
  3 killer bees (Gauntlet)
  An electric eel (Lair:3)
  2 bombardier beetles
  3 howler monkeys (D:9)
  3 gnoll boudas
  2 orc priests (D:8)
  Crazy Yiuf (D:4)
  A sleepcap (D:5)
  Ijyb (D:3)
  6 iguanas
  9 orc wizards
  Robin (D:4)
  17 gnolls
  7 adders
  A shadow imp (D:6)
  2 ufetubi (D:7)
  4 dart slugs
  4 ribbon worms
  24 orcs
  5 ball pythons
  8 endoplasms
  A giant cockroach (D:2)
  14 goblins
  17 hobgoblins
  2 jackals (D:2)
  5 quokkas
  7 bats
  4 frilled lizards
  22 kobolds
  4 rats
345 creatures vanquished.

Notes
Turn   | Place    | Note
-------+----------+-------------------------------------------
     0 | D:1      | KittyFluff the Troll Shapeshifter began the quest for the
                  | Orb.
     0 | D:1      | Reached XP level 1. HP: 18/18 MP: 0/0
    46 | D:1      | Reached skill level 1 in Fighting
    81 | D:1      | Reached XP level 2. HP: 27/27 MP: 1/1
   732 | D:2      | Reached XP level 3. HP: 31/33 MP: 2/2
  1019 | D:2      | Reached XP level 4. HP: 41/41 MP: 3/3
  1350 | D:3      | Noticed Ijyb
  1356 | D:3      | Killed Ijyb
  1384 | D:3      | Found a faded altar of an unknown god.
  1852 | D:3      | Reached XP level 5. HP: 49/49 MP: 4/4
  1987 | D:4      | Noticed a sky beast
  2003 | D:4      | Killed a sky beast
  2031 | D:4      | Reached skill level 1 in Throwing
  2031 | D:4      | Reached XP level 6. HP: 58/59 MP: 5/5
  2101 | D:4      | Found a runed translucent door.
  2102 | D:4      | Noticed Crazy Yiuf
  2106 | D:4      | Paralysed by Crazy Yiuf for 1 turns
  2109 | D:4      | Killed Crazy Yiuf
  2225 | D:4      | Found a runed translucent gate.
  2226 | D:4      | Found a runed translucent gate.
  2226 | D:4      | Found a runed translucent gate.
  2227 | D:4      | Noticed mainiacjoe's ghost (amateur MiAr)
  2227 | D:4      | Noticed CrypticCrinoid's ghost (amateur MiBe)
  2227 | D:4      | Noticed kougar's ghost (amateur HOFi)
  2227 | D:4      | Noticed community's ghost (amateur HOFi)
  2227 | D:4      | Noticed mrw3rdna's ghost (amateur OpFE)
  2504 | D:4      | Noticed Robin
  2533 | D:4      | Killed Robin
  2785 | D:5      | Entered Level 5 of the Dungeon
  2823 | D:5      | Found a burning altar of Makhleb.
  2842 | D:5      | Reached XP level 7. HP: 62/66 MP: 6/6
  3387 | D:5      | Reached skill level 5 in Unarmed Combat
  3712 | D:6      | Reached XP level 8. HP: 70/75 MP: 7/7
  3733 | D:6      | Reached skill level 1 in Shields
  3891 | D:6      | Found a staircase to the Ecumenical Temple.
  3916 | D:6      | Reached skill level 5 in Shapeshifting
  4031 | Temple   | Entered the Ecumenical Temple
  4092 | Temple   | Became a worshipper of Trog the Wrathful
  4540 | D:7      | Identified the +5 war axe of Uskayaw, Enchanting {freeze,
                  | Str+2}
  4773 | D:7      | Found a sacrificial altar of Ru.
  5165 | D:4      | Killed mrw3rdna's ghost
  5166 | D:4      | Reached XP level 9. HP: 84/84 MP: 8/8
  5175 | D:4      | Killed kougar's ghost
  5182 | D:4      | Killed mainiacjoe's ghost
  5189 | D:4      | Killed CrypticCrinoid's ghost
  5195 | D:4      | Killed community's ghost
  5384 | D:8      | Reached skill level 5 in Dodging
  5401 | D:8      | Reached skill level 5 in Fighting
  5475 | D:8      | Found a hazy altar of Hepliaklqana.
  5600 | D:8      | Noticed a rime drake
  5601 | D:8      | Noticed a polar bear
  5670 | D:7      | Killed a rime drake
  5671 | D:7      | Reached skill level 5 in Throwing
  5671 | D:7      | Reached XP level 10. HP: 58/96 MP: 9/9
  5709 | D:8      | Reached * piety under Trog
  5817 | D:8      | Found a staircase to the Lair.
  6234 | D:8      | Noticed a two-headed ogre
  6243 | D:8      | Killed a two-headed ogre
  6410 | D:9      | Found an ancient bone altar of Kikubaaqudgha.
  6885 | D:9      | Found Noulumoba's Magic Scroll Boutique.
  6987 | D:9      | Noticed a lindwurm
  7017 | D:9      | Noticed a lindwurm
  7018 | D:9      | Noticed a lindwurm
  7100 | D:9      | Reached ** piety under Trog
  7177 | D:9      | Reached skill level 5 in Shields
  7193 | D:9      | Noticed a lindwurm
  7370 | D:9      | Killed a lindwurm
  7575 | D:10     | Entered Level 10 of the Dungeon
  7608 | D:10     | Reached XP level 11. HP: 103/105 MP: 10/10
  7754 | D:10     | Noticed a two-headed ogre
  7759 | D:10     | Killed a two-headed ogre
  8044 | D:10     | Found a blossoming altar of Fedhas.
  8086 | D:10     | Noticed Maurice
  8093 | D:10     | Killed Maurice
  8189 | D:10     | Noticed a two-headed ogre
  8249 | D:9      | Killed a two-headed ogre
  8415 | D:10     | Found a hide-covered altar of Uskayaw.
  8417 | D:10     | Found a sacrificial altar of Ru.
  8432 | D:10     | Reached *** piety under Trog
  8459 | D:10     | Found a sacrificial altar of Ru.
  8459 | D:10     | Found an ornate altar of the Wu Jian Council.
  8500 | D:10     | Noticed a centaur warrior
  8500 | D:10     | Noticed a centaur warrior
  8500 | D:10     | Noticed a deep elf pyromancer
  8500 | D:10     | Noticed a centaur warrior
  8511 | D:10     | Killed a centaur warrior
  8512 | D:10     | Reached skill level 1 in Armour
  8513 | D:10     | Killed a deep elf pyromancer
  8522 | D:10     | Killed a centaur warrior
  8526 | D:10     | Killed a centaur warrior
  8907 | Lair:1   | Entered Level 1 of the Lair of Beasts
  9151 | Lair:1   | Reached XP level 12. HP: 114/118 MP: 11/11
  9485 | Lair:2   | Reached **** piety under Trog
  9888 | Lair:2   | HP: 4/118 [black mamba (15)]
 10121 | Lair:2   | Found a hole to the Spider Nest.
 10239 | Lair:2   | Identified the +5 war axe of the Swamp {elec, rElec}
 11459 | Lair:3   | Reached XP level 13. HP: 116/127 MP: 12/12
 11787 | Lair:3   | Found a staircase to the Swamp.
 11848 | Lair:4   | Found a gate leading to a gauntlet.
 11893 | Gauntlet | Entered a Gauntlet
 11893 | Gauntlet | Found a transporter.
 11903 | Gauntlet | Found a transporter.
 11906 | Gauntlet | Found a transporter.
 11907 | Gauntlet | Found a transporter.
 11918 | Gauntlet | Found a transporter.
 11919 | Gauntlet | Found a transporter.
 11921 | Gauntlet | Noticed a balrug
 11923 | Gauntlet | Found a transporter.
 11923 | Gauntlet | Found a runed translucent door.
 11923 | Gauntlet | Found a runed translucent door.
 11927 | Gauntlet | Found a transporter.
 11930 | Gauntlet | Found a transporter.
 11931 | Gauntlet | Found a transporter.
 11942 | Gauntlet | Found a transporter.
 11943 | Gauntlet | Found a transporter.
 11943 | Gauntlet | Found a transporter.
 11951 | Gauntlet | Found a transporter.
 11978 | Gauntlet | Found a runed translucent door.
 12162 | Gauntlet | HP: 8/190 [poisoned by a killer bee]
 12164 | Gauntlet | HP: 1/190 [killer bee (3)]
 12165 | Gauntlet | Mangled by a killer bee

Illustrated notes

Levels and vault maps discovered:
D:1:      scummos_arrival_hexagon, layout_loops_cross, serial_glass,
          glass_columns_a, glass_columns_a, serial_bayou_pond_e, minmay_tall_x
D:2:      layout_rooms
D:3:      layout_loops_ring, ebering_ecumenical_altar_abandoned,
          serial_aquarium, aquarium_bridge_square [aquarium_subvault_balcony,
          aquarium_subvault_wall, aquarium_subvault_wall,
          aquarium_subvault_bridge], aquarium_window_fake, aquarium_window_fake,
          aquarium_window_corridor_1, aquarium_view_2e, aquarium_pool_four,
          kennysheep_generic_room_7, uniq_ijyb
D:4:      layout_loops_ring, gammafunk_ghost_cemetery, uniq_robin,
          uniq_crazy_yiuf_cottage
D:5:      layout_loops_ring, mainiacjoe_overflow_cross_hatched
D:6:      layout_basic, minmay_temple_entry_tees,
          minmay_fractal_squares_gapless_5
D:7:      layout_loops_cross, nicolae_ru_the_path_less_chosen,
          grunt_decor_fettered, hangedman_decor_opposing
D:8:      layout_basic, marbit_many_paths, hellmonk_lair_entry_icy
D:9:      layout_stronghold, old_standard_altar, serial_shops,
          nicolae_shop_behind_doors, minmay_lindwurm_lava
D:10:     minmay_the_grid_octo_triangle [minmay_the_grid_octo_clover,
          minmay_the_grid_octo_prize_ultimate_mussel_roller,
          minmay_the_grid_octo_shrine], layout_long_grid, lemuel_round_altar,
          uniq_maurice
Temple:   minmay_crystal_spiral_temple
Lair:1:   layout_misc_corridors, minivault_27, small_statue_intersection
Lair:2:   layout_layer_cave, spider_nest_entry_webs, wad_woods_03,
          lemuel_fruit_tree
Lair:3:   layout_regular_city, minmay_swamp_entry_swarm
Lair:4:   layout_concentric_octagons, dpeg_slime_entry_enclosed,
          gauntlet_entry_generic, lemuel_fruit_fields
Gauntlet: gammafunk_gauntlet_77_escape_option
          [minmay_gauntlet_arena_77_broken_ladder,
          minmay_gauntlet_arena_77_two_lines,
          minmay_gauntlet_arena_77_shame_cube, minmay_gauntlet_arena_77_path,
          minmay_gauntlet_arena_77_block_sizes, gauntlet_exit_green]

Skill      XL: |  1  2  3  4  5  6  7  8  9 10 11 12 13 |
---------------+----------------------------------------+-----
Fighting       | 1 2 3 4 5 6 7 |  7.9
Dodging        | 2 3 4 5 6 7 8 |  8.0
Unarmed Combat | 4 5 6 7 8 9 |  9.7
Shapeshifting  | 4 5 6 7 8 9 |  9.0
Throwing       | 1 2 3 5 6 7 8 |  8.1
Shields        | 2 4 5 6 7 |  7.6
Armour         | 2 3 4 |  4.1

Action                     |  1- 3 |  4- 6 |  7- 9 | 10-12 | 13-15 || total
---------------------------+-------+-------+-------+-------+-------++-------
  Melee: Unarmed           |    61 |   149 |   255 |   689 |    58 ||  1212
         Punch             |     2 |     3 |     4 |       |       ||     9
  Throw: Stone             |       |     3 |    16 |    94 |       ||   113
 Invoke: Berserk           |       |       |       |       |     1 ||     1
    Use: Scroll            |       |     3 |     6 |     3 |       ||    12
         Potion            |       |       |     2 |     1 |     3 ||     6
   Stab: Distracted        |       |     1 |       |       |       ||     1
 Armour: Animal skin       |    40 |    87 |   130 |   122 |       ||   379
         Acid dragon scale |       |       |       |   259 |    52 ||   311
  Dodge: Dodged            |    18 |    67 |    75 |   178 |    29 ||   367
  Block: Kite shield       |       |       |    76 |   275 |    34 ||   385
